 Dungeon Crawl Stone Soup version 0.29-a0-41-g89e12c0 (webtiles) character file.

Game seed: 14236164449029828378

1173 Illumine the Sneak (level 8, -10/41 HPs)
             Began as a Deep Elf Enchanter on Feb 1, 2022.
             Was a Follower of Sif Muna.
             Shot with an arrow by a centaur (12 damage)
             ... on level 5 of the Dungeon.
             The game lasted 00:12:57 (6219 turns).

Illumine the Sneak (Deep Elf Enchanter)             Turns: 6219, Time: 00:12:58

Health: -10/41     AC:  4    Str: 13    XL:     8   Next: 18%
Magic:  6/14       EV: 12    Int: 21    God:    Sif Muna [*.....]
Gold:   411        SH:  0    Dex: 15    Spells: 2/13 levels left

rFire   + . .      SeeInvis .   f - +2 dagger (speed)
rCold   + . .      Faith    .   (no shield)
rNeg    . . .      Spirit   .   k - +2 robe {rC+ rF+}
rPois   .          Reflect  .   (no helmet)
rElec   .          Harm     .   (no cloak)
rCorr   .          Rampage  .   (no gloves)
Will    .....                   (no boots)
Stlth   ++++......              (no amulet)
HPRegen 0.13/turn               q - +6 ring of strength
MPRegen 0.14/turn               (no ring)

@: confusing by touch
A: no striking features
a: Renounce Religion, Channel Magic


You were on level 5 of the Dungeon.
You worshipped Sif Muna.
Sif Muna was aware of your devotion.
You visited 1 branch of the dungeon, and saw 5 of its levels.

You collected 411 gold pieces.

Inventory:

Hand Weapons
 f - a +2 dagger of speed (weapon)
Missiles
 r - a throwing net (quivered)
Armour
 k - a +2 robe of resistance (worn)
Magical Staves
 p - a staff of poison
Jewellery
 q - a +6 ring of strength (left hand)
Wands
 i - a wand of iceblast (11)
 n - a wand of polymorph (8)
Scrolls
 b - a scroll of fog
 d - 2 scrolls of teleportation
 e - 3 scrolls of blinking
 l - a scroll of fear {unknown}
 o - 3 scrolls of immolation
Potions
 a - a potion of curing {unknown}
 c - a potion of invisibility
 g - a potion of flight {unknown}
 h - a potion of berserk rage {unknown}
 j - 2 potions of heal wounds
 m - 2 potions of brilliance
 s - 2 potions of cancellation {unknown}


   Skills:
 + Level 0.1 Fighting
 - Level 5.0 Short Blades
 + Level 2.5 Dodging
 + Level 7.5 Stealth
 - Level 3.0 Spellcasting
 + Level 7.3 Hexes
 + Level 4.6 Ice Magic
 + Level 0.2 Invocations


You had 2 spell levels left.
You knew the following spells:

 Your Spells              Type           Power      Damage    Failure   Level
a - Ensorcelled Hibernat  Hex/Ice        56%        N/A       1%          2
b - Confusing Touch       Hex            34%        N/A       1%          3
c - Tukima's Dance        Hex            34%        N/A       1%          3
d - Frozen Ramparts       Ice            44%        1d6       6%          3

Your spell library contained the following spells:

 Spells                   Type           Power      Damage    Failure   Level
 Freeze                   Ice            88%        1d10      1%          1
 Sandblast                Erth           6%         2d5       13%         1
 Passwall                 Tmut/Erth      2%         N/A       21%         2
 Dazzling Flash           Conj/Hex       36%        N/A       9%          3
 Stone Arrow              Conj/Erth      6%         3d7       36%         3
 Hailstorm                Conj/Ice       12%        3d5       45%         4


Dungeon Overview and Level Annotations

Branches:
Dungeon (5/15)
 Temple: D:4-7

Altars:
Makhleb
Nemelex Xobeh
Sif Muna
Trog

Portals:
Abyss: D:3

Annotations:
D:3 2 transporters


Message History

The centaur shoots an arrow.
The arrow closely misses you.
You start resting.
A centaur is nearby!
The centaur shoots an arrow.
The arrow barely misses you.
The centaur shoots an arrow.
The arrow hits you!
The centaur unwields a +0 shortbow.
The centaur completely misses you. The centaur barely misses you.
Casting: Tukima's Dance (safe; 1% risk of failure)
Confirm with . or Enter, or press ? or * to list all spells.
Aiming: Ensorcelled Hibernation (safe; 1% risk of failure)
Press: ? - help, Shift-Dir - straight line, f/p - centaur
Aim: a centaur, quivering arrows (heavily wounded, chance to affect: 59%)
The centaur resists with significant effort.
The centaur hits you. The centaur kicks you. The centaur closely misses you.
The centaur kicks you.
The centaur wields a +0 shortbow.
The centaur shoots an arrow.
The arrow closely misses you.
The centaur shoots an arrow.
The arrow hits you. The ogre barely misses you.
Casting: Ensorcelled Hibernation (safe; 1% risk of failure)
Confirm with . or Enter, or press ? or * to list all spells.
Your hands begin to glow red.
Casting: Confusing Touch (safe; 1% risk of failure)
Confirm with . or Enter, or press ? or * to list all spells.
Okay, then.
Casting: Confusing Touch (safe; 1% risk of failure)
Confirm with . or Enter, or press ? or * to list all spells.
Aiming: Tukima's Dance (safe; 1% risk of failure)
Press: ? - help, Shift-Dir - straight line, f/p - centaur
Aim: a centaur, wielding a +0 shortbow and quivering arrows (heavily wounded, chance to confuse on hit: 62%, chance to affect: 62%)
The +0 giant spiked club dances into the air!
The ogre hits you!
* * * LOW HITPOINT WARNING * * *
The centaur unwields a +0 shortbow.
The centaur misses you. The centaur barely misses you.
The centaur wields a +0 shortbow.
The centaur shoots an arrow.
The arrow barely misses you.
Okay, then.
The centaur shoots an arrow.
The arrow hits you!
You die...

.....####.##...........#####..≈
#............########.####....
#.................###...##.###
#...#..##.(.###....##....# #
#...#####..............###
###..(..#########...###.....
##....#...#### ##.#....#....
#####....##...c..####..####...#..
.......#######O#@##...## ###.##.
.......# #......### #.###
######## #######....# #..##
#.......##.### ##.##
..#####..#...## #.## ##...#..###
#.## ###.##..(## #...
#...##..####### ######
###.###.....##


You could see a centaur and a friendly +0 giant spiked club.

Vanquished Creatures
  A water moccasin (D:4)
  2 necrophages
  An ogre (D:4)
  A centaur (D:5)
  A kobold brigand (D:4)
  2 scorpions
  A howler monkey (D:5)
  A hound (D:4)
  A jelly (D:3)
  A bullfrog zombie (D:4)
  A bullfrog skeleton (D:5)
  Ijyb (D:3)
  Jessica (D:2)
  6 iguanas
  4 gnolls (D:4)
  5 adders
  A shadow imp (D:5)
  An ufetubus (D:5)
  4 dart slugs
  2 orcs
  3 ball pythons (D:3)
  8 endoplasms
  5 giant cockroaches (D:1)
  6 goblins
  6 hobgoblins
  7 jackals
  2 quokkas
  7 bats
  5 frilled lizards
  6 kobolds
  11 rats
104 creatures vanquished.

Vanquished Creatures (others)
  A dancing weapon (D:5)
1 creature vanquished.

Grand Total: 105 creatures vanquished

Notes
Turn   | Place    | Note
-------+----------+-------------------------------------------
     0 | D:1      | Illumine the Deep Elf Enchanter began the quest for the
                  | Orb.
     0 | D:1      | Reached XP level 1. HP: 10/10 MP: 6/6
   207 | D:1      | Found a faded altar of an unknown god.
   212 | D:1      | Reached XP level 2. HP: 15/15 MP: 8/8
   215 | D:1      | Learned a level 2 spell: Ensorcelled Hibernation
  1242 | D:1      | Reached XP level 3. HP: 12/19 MP: 1/9
  1452 | D:1      | Learned a level 3 spell: Confusing Touch
  1870 | D:1      | Learned a level 3 spell: Tukima's Dance
  1954 | D:2      | Noticed Jessica
  1979 | D:2      | Killed Jessica
  1980 | D:2      | Reached XP level 4. HP: 4/24 MP: 3/10
  2513 | D:2      | Reached skill level 5 in Stealth
  2513 | D:2      | Reached skill level 1 in Ice Magic
  3309 | D:3      | Found a transporter.
  3337 | D:3      | Found a transporter.
  3352 | D:3      | Found a one-way gate to the infinite horrors of the Abyss.
  3417 | D:3      | Noticed Ijyb
  3449 | D:3      | Killed Ijyb
  3450 | D:3      | Reached skill level 5 in Hexes
  3450 | D:3      | Reached XP level 5. HP: 27/28 MP: 7/11
  3934 | D:4      | Found a shimmering blue altar of Sif Muna.
  3939 | D:4      | Found a sparkling altar of Nemelex Xobeh.
  3951 | D:4      | Became a worshipper of Sif Muna the Loreminder
  3956 | D:4      | Noticed a water moccasin
  3969 | D:4      | Killed a water moccasin
  3970 | D:4      | Reached XP level 6. HP: 2/32 MP: 7/12
  4351 | D:4      | Learned a level 3 spell: Frozen Ramparts
  4880 | D:4      | Reached XP level 7. HP: 29/36 MP: 10/13
  5526 | D:5      | Entered Level 5 of the Dungeon
  5558 | D:5      | Reached * piety under Sif Muna
  5727 | D:5      | Reached XP level 8. HP: 41/41 MP: 11/14
  5766 | D:5      | Reached skill level 5 in Short Blades
  5927 | D:5      | Found a bloodstained altar of Trog.
  5930 | D:5      | Found a burning altar of Makhleb.
  6215 | D:5      | HP: 1/41 [ogre (15)]
  6219 | D:5      | Shot with an arrow by a centaur

Illustrated notes

Levels and vault maps discovered:
D:1:      dpeg_arrival_tiny_k, layout_basic, dilly_ecumenical_altar_fadedgnrine
D:2:      layout_rooms, minivault_14, uniq_jessica
D:3:      layout_basic, gammafunk_ghost_abyssal_escape, uniq_ijyb
D:4:      wander_river, layout_gridville, amcnicky_altar_gilded,
          mainiacjoe_overflow_catwalk
D:5:      layout_rooms, nicolae_overflow_squiral, nrook_mini_backslash

Skill      XL: |  1  2  3  4  5  6  7  8 |
---------------+-------------------------+-----
Stealth        | 4 5 6 7 |  7.5
Short Blades   | 2 3 4 5 |  5.0
Ice Magic      | 1 2 4 |  4.6
Hexes          | 5 6 7 |  7.3
Fighting       | |  0.1
Dodging        | |  2.5
Spellcasting   | |  3.0
Invocations    | |  0.2

Action                   |  1- 3 |  4- 6 |  7- 9 || total
-------------------------+-------+-------+-------++-------
Melee: Dagger            |   143 |   106 |    47 ||   296
       Punch             |     1 |       |       ||     1
       Unarmed           |       |    11 |       ||    11
 Cast: Ensorcelled Hiber |    27 |    43 |    15 ||    85
       Confusing Touch   |     1 |     3 |     5 ||     9
       Tukima's Dance    |       |       |     2 ||     2
  Use: Scroll            |       |     7 |     1 ||     8
       Potion            |       |     1 |       ||     1
 Stab: Sleeping          |    21 |    32 |    18 ||    71
       Distracted        |     1 |       |       ||     1
       Confused          |     1 |     4 |     3 ||     8
Armor: Robe              |    27 |    27 |     5 ||    59
       Skin              |       |     2 |       ||     2
Dodge: Dodged            |    78 |    63 |    20 ||   161

Table legend: (Time is in decaauts)
 A = Elapsed time spent in this place.
 B = Non-inter-level travel time spent in this place.
 C = Inter-level travel time spent in this place.
 D = Time resting spent in this place.
 E = Time spent auto-exploring this place.
 F = Levels seen in this place.
 G = Mean time per level.
                   A        B        C        D        E       F      G
               +--------+--------+--------+--------+--------+-----+--------+
         Total |   6124 |   6057 |     67 |   1912 |   2916 |   5 | 1224.8 |
       Dungeon |   6124 |   6057 |     67 |   1912 |   2916 |   5 | 1224.8 |
               +--------+--------+--------+--------+--------+-----+--------+

Top non-repeatable levels by time:
     D:1: 1867 daAuts
     D:4: 1702 daAuts
     D:2: 1184 daAuts
     D:3: 797 daAuts
     D:5: 572 daAuts
